 Dungeon Crawl Stone Soup version 0.21-a0-364-gbd1fde4 (webtiles) character file.

335006 JackS81 the Impregnable (level 21, -18/161 HPs)
             Began as a Gargoyle Berserker on Oct 8, 2017.
             Was an Elder of Trog.
             Killed by Lee's Rapid Deconstruction
             ... invoked by a deep troll earth mage
              (30 damage)
             ... on level 2 of the Depths on Oct 14, 2017.
             The game lasted 04:46:17 (39869 turns).

JackS81 the Impregnable (Gargoyle Berserker)       Turns: 39869, Time: 04:46:18

Health: -18/161    AC: 47    Str: 28    XL:     21   Next: 85%
Magic:  19/25      EV: 21    Int:  9    God:    Trog [****..]
Gold:   2171       SH:  0    Dex: 15    Spells: 20/20 levels left

rFire    + + .     SeeInvis +   I - +11 flail of Desperation {flame, rElec Dex+2}
rCold    + + .     Gourm    +   (no shield)
rNeg     + + .     Faith    .   N - +4 gold dragon scales
rPois    ∞         Spirit   .   k - +0 helmet
rElec    +         Reflect  .   l - scarf {repulsion}
rCorr    +         Harm     .   B - +0 pair of gloves "Tegudoih" {rN+}
MR       +++..     Rnd*Tele +   (no boots)
Stlth    ..........             G - amulet of the gourmand
HPRegen  1.36/turn              D - ring of Phasing {EV+8}
MPRegen  0.19/turn              u - ring of see invisible

@: about to teleport, resistant, flying, very slightly contaminated,
regenerating, hasted (expiring), invisible, repel missiles, very quick
A: big wings, agile 1, low mp 1, negative energy resistance 1, robust 1,
electricity resistance, teleportitis 1, unbreathing, petrification resistance,
rot immunity, AC +16
}: 2/15 runes: decaying, gossamer
a: Stop Flying, Berserk, Trog's Hand, Brothers in Arms, Burn Spellbooks,
Renounce Religion


You were on level 2 of the Depths.
You worshipped Trog.
Trog was greatly pleased with you.
You were full.

You visited 7 branches of the dungeon, and saw 37 of its levels.
You visited the Abyss 1 time.
You also visited: Labyrinth.

You collected 3931 gold pieces.
You spent 1760 gold pieces at shops.

Inventory:

Hand Weapons
 H - the +1 dire flail of Riesk {venom, rPois rF+ MR+ Dex+3}
   (Trog gifted it to you on level 6 of the Lair of Beasts)

   It poisons the flesh of those it strikes.
   It affects your dexterity (+3).
   It protects you from fire.
   It protects you from poison.
   It affects your resistance to hostile enchantments.
 I - the +11 flail of Desperation (weapon) {flame, rElec Dex+2}
   (You found it on level 10 of the Dungeon)

   It has been specially enchanted to burn those struck by it, causing extra
   injury to most foes and up to half again as much damage against particularly
   susceptible opponents.
   It affects your dexterity (+2).
   It insulates you from electricity.
 K - a +4 great mace of holy wrath
 L - a +7 antimagic dire flail
 S - a +0 eveningstar of protection
 Z - the +8 storm bow {elec}
   (You found it on level 1 of the Lair of Beasts)

   It charges the ammunition it shoots with electricity; occasionally upon a
   hit, such missiles may discharge and cause terrible harm.
Armour
 a - the +3 faerie dragon scales {rF++ rCorr Dex+3}
   (You took it off the Enchantress on level 2 of the Depths)

   It affects your dexterity (+3).
   It greatly protects you from fire.
   It protects you from acid and corrosion.
 k - a +0 helmet (worn)
 l - a scarf of repulsion (worn)
 r - +0 fire dragon scales
 B - the +0 pair of gloves "Tegudoih" (worn) {rN+}
   (You found it on level 5 of the Lair of Beasts)

   It protects you from negative energy.
 N - +4 gold dragon scales (worn)
 T - a +0 shield of reflection
Jewellery
 p - an uncursed ring of protection from magic
 u - a ring of see invisible (right hand)
 C - an uncursed ring of positive energy
 D - the ring of Phasing (left hand) {EV+8}
   (You found it on level 10 of the Dungeon)

   [ring of evasion]

   It affects your evasion (+8).
 G - an amulet of the gourmand (around neck)
 M - an uncursed ring of protection from cold
 R - a +6 ring of evasion
 U - an uncursed ring of resist corrosion
 V - an uncursed ring of protection from cold
 W - an uncursed ring of protection from fire
Wands
 b - a wand of iceblast (9/15)
 v - a wand of lightning (12/15)
 w - a wand of flame (16/48)
 y - a wand of acid (13/15)
 A - a wand of digging (10/24)
 F - a wand of digging (10/24)
Scrolls
 g - a scroll of holy word
 h - 10 scrolls of enchant weapon
 j - 8 scrolls of remove curse
 m - 6 scrolls of identify
 s - 3 scrolls of fog
 E - 5 scrolls of teleportation
 J - 3 scrolls of magic mapping
 O - 5 scrolls of blinking
 X - 5 scrolls of fear
Potions
 d - a potion of resistance
 e - 5 potions of agility
 o - 4 potions of brilliance
 q - 21 potions of curing
 t - 2 potions of might
 x - a potion of invisibility
 P - a potion of magic
 Y - 6 potions of haste
Miscellaneous
 n - a lightning rod (4/4)
Comestibles
 c - 16 bread rations
 f - 23 fruits
 i - 20 meat rations
 z - 17 royal jellies


   Skills:
 + Level 20.7 Fighting
 + Level 18.5 Maces & Flails
 - Level 5.0 Bows
 + Level 21.7 Armour
 * Level 10.6 Dodging
 + Level 3.8 Shields
 * Level 9.7 Evocations


You had 20 spell levels left.
You didn't know any spells.

Dungeon Overview and Level Annotations

Branches:
Dungeon (15/15)            Temple (0/1) D:7            Lair (6/6) D:10
  Swamp (4/4) Lair:3       Spider (4/4) Lair:3        Slime (0/5) Lair:6
    Orc (2/2) D:9             Elf (0/3) Orc:2        Vaults (4/5) D:13
  Crypt (0/3) Vaults:2     Depths (2/5) D:15

Altars:
Cheibriados
Fedhas
Hepliaklqana
Okawaru
Qazlal
Ru
Sif Muna
Wu Jian
Xom
Yredelemnul
Zin
Beogh

Shops:
D:9 (   D:12 *   Orc:2 (*[=

Portals:
Hell: Depths:1
Pandemonium: Depths:1

Annotations:
Lair:3 exclusion: oklob plant


Innate Abilities, Weirdness & Mutations

You are resistant to torment.
Your stone body is resilient. (AC +16)
You are immune to poison.
Your large and strong wings let you fly indefinitely.
You resist negative energy. (rN+)
You are resistant to electric shocks. (rElec)
You can survive without breathing.
You are immune to petrification.
You are immune to rotting.
You are agile. (Dex +2)
Your magical capacity is low. (-10% MP)
You are robust. (+10% HP)
You are occasionally teleported next to monsters.


Message History

The blast of rock fragments hits the iron troll.
As you read the scroll of fog, it crumbles to dust.
The scroll dissolves into smoke.
Your extra speed is starting to run out.
The red ugly thing gurgles horribly!
The iron troll bites you but does no damage.
The iron troll barely misses you. The iron troll claws you.
* * * LOW HITPOINT WARNING * * *
As you read the scroll of teleportation, it crumbles to dust.
You feel strangely unstable.
The green very ugly thing gurgles horribly!
The red ugly thing gurgles horribly!
You reach down and open the door.
The iron troll closely misses you. The iron troll misses you. x2
There is an open door here.
The white very ugly thing gurgles horribly!
The cyan ugly thing gurgles horribly!
The deep troll earth mage points at you and mumbles some strange words.
You shatter!
You die...

### #.## ###
#§§##########
#.####§§##@.......
#).#..§T§'........
#..[.#§§##........
##....§T..........
##....u..........
#.[.uuuC........
##...uu.........
#...uTT......./
#.#....V......


You could see a white very ugly thing (wandering), 2 iron trolls, a stone giant
(wandering), 2 ugly things and a deep troll earth mage.

Vanquished Creatures
  An ancient lich (Abyss:4)
  Bai Suzhen (Swamp:4)
  A caustic shrike (Depths:2)
  the Enchantress (Depths:2)
  Rupert (D:15)
  2 liches
  Jorgrun (Swamp:3)
  2 tentacled starspawn (Abyss:4)
  An ancient champion (Vaults:2)
  3 thorn hunters
  2 sphinxes
  Agnes (Spider:3)
  2 tengu reavers
  Donald (Swamp:3)
  A storm dragon (Vaults:1)
  A frost giant (Vaults:2)
  7 vault wardens
  A fire giant (Depths:1)
  5 ghost moths (Spider:4)
  Louise (Spider:1)
  7 emperor scorpions
  Aizul (Swamp:2)
  2 spriggan defenders (Depths:2)
  9 stone giants
  3 very ugly things (Depths:1)
  12 ironheart preservers
  4 entropy weavers
  A vampire knight (Vaults:2)
  A deep elf annihilator (Vaults:2)
  4 spark wasps
  A starcursed mass (Abyss:4)
  3 ettins
  3 fire dragons (Depths:1)
  A minotaur (Lab)
  A jiangshi (Vaults:2)
  Josephine (D:13)
  Fannar (Lair:2)
  8 ogre magi
  6 yaktaur captains
  Harold (D:11)
  21 hydras
  9 great orbs of eyes
  2 rakshasas (Depths:1)
  9 vault guards
  6 ice dragons
  4 catoblepae
  The ghost of Leas the Unseen, a journeyman SpEn of Dithmenos (D:12)
  A spriggan air mage (Depths:2)
  17 two-headed ogres
  10 centaur warriors
  2 death knights
  A tengu warrior (D:10)
  10 alligators
  4 deep troll shamans
  6 deep troll earth magi
  7 death yaks (Lair:6)
  4 orc high priests (Orc:2)
  4 spriggans
  5 deep elf knights
  4 skeletal warriors (Vaults:1)
  2 iron trolls (Depths:1)
  A shadow wraith (Vaults:4)
  10 swamp dragons
  2 spriggan druids (Swamp:4)
  4 glowing orange brains
  3 unseen horrors
  3 wizards
  20 deep trolls
  2 deep elf archers
  3 shambling mangroves
  Pikel (D:7)
  A wolf spider zombie (D:15)
  27 ugly things
  5 ironbrand convokers
  29 wolf spiders
  7 manticores
  13 orc knights
  4 cyclopes
  6 orc sorcerers
  20 orb spiders
  12 deep elf magi
  A necromancer (Vaults:1)
  2 oklob plants (Lair:4)
  A manticore (shapeshifter) (Vaults:3)
  3 moths of wrath
  3 elephants (Lair:5)
  6 vault sentinels
  4 gargoyles
  3 torpor snails
  2 black mambas
  12 spiny frogs
  A yaktaur (shapeshifter) (D:13)
  6 komodo dragons
  19 yaktaurs
  A queen bee (Lair:6)
  3 tengu conjurers
  12 trolls
  2 freezing wraiths
  9 demonic crawlers
  2 polar bears
  A hellwing (Abyss:4)
  A jumping spider (shapeshifter) (Depths:1)
  3 meliai (Lair:6)
  A queen bee (shapeshifter) (Vaults:1)
  A wolf spider simulacrum (D:14)
  36 jumping spiders
  17 hornets
  6 tyrant leeches
  A sphinx simulacrum (Vaults:1)
  8 blink frogs
  6 raiju (Abyss:4)
  25 slime creatures
  7 bog bodies
  9 hippogriffs
  19 dream sheep
  52 redbacks
  3 wyverns
  7 wraiths
  A redback (shapeshifter) (Vaults:3)
  2 water elementals
  A vampire (D:15)
  29 tarantellas
  57 yaks
  2 basilisks (Lair:6)
  A shadow (Swamp:1)
  A yak (shapeshifter) (D:14)
  A basilisk (shapeshifter) (Depths:1)
  Eustachio (D:5)
  Grum (D:9)
  2 large abominations (Abyss:4)
  A hungry ghost (D:10)
  A steam dragon (Lair:4)
  6 vampire mosquitoes
  Menkaure (D:5)
  Edmund (D:5)
  2 acid dragons (Vaults:1)
  8 swamp worms
  3 insubstantial wisps (Swamp:2)
  2 deep troll zombies (Vaults:1)
  11 water moccasins
  7 wargs
  A soldier ant (D:14)
  An acid dragon (shapeshifter) (Vaults:4)
  A small abomination (Abyss:4)
  3 hell hounds (Abyss:4)
  8 porcupines
  2 sky beasts
  15 swamp drakes
  40 orc warriors
  A black bear (shapeshifter) (Depths:2)
  9 ice beasts
  An eye of draining (D:15)
  37 ogres
  2 phantoms
  A human skeleton (Vaults:1)
  3 necrophages
  22 centaurs
  14 wolves
  2 boggarts (Depths:1)
  11 crocodiles
  16 bullfrogs
  5 earth elementals
  A big kobold (D:13)
  6 scorpions
  29 killer bees
  11 electric eels
  13 wights
  5 howler monkeys
  5 crimson imps
  A lava snake (D:15)
  5 centaur zombies
  A quasit (D:7)
  A bullfrog zombie (D:9)
  14 orc wizards
  A human simulacrum (Vaults:1)
  7 jellies
  13 orc priests
  6 hounds
  5 bullfrog skeletons
  11 centaur skeletons
  Ijyb (D:5)
  Natasha (D:3)
  6 iguanas
  5 hell rats (Lair:6)
  10 worker ants
  2 killer bee zombies
  2 hound zombies
  3 hound skeletons
  4 gnolls (D:6)
  A howler monkey skeleton (D:10)
  2 worker ant zombies (D:11)
  12 adders
  A hound simulacrum (D:8)
  3 shadow imps
  6 white imps (D:8)
  2 worker ant simulacra (D:8)
  An ooze (D:1)
  2 adder skeletons
  A worm (D:3)
  A dart slug (D:1)
  5 leopard geckos
  56 orcs
  5 giant cockroaches
  9 goblins
  5 hobgoblins
  4 jackals
  4 quokkas
  A ball python (D:3)
  10 bats
  4 frilled lizards
  8 kobolds
  A leopard gecko simulacrum (D:8)
  7 rats
  A plant (Lair:3)
1361 creatures vanquished.

Vanquished Creatures (collateral kills)
  Mara (Spider:4)
  Arachne (Spider:2)
  Asterion (Spider:4)
  Frances (Spider:1)
  An orc warlord (Orc:2)
  A spriggan defender (Depths:2)
  2 very ugly things (Depths:1)
  An entropy weaver (Vaults:2)
  A vampire knight (Depths:1)
  2 spriggan air magi (Depths:2)
  A deep troll earth mage (Depths:2)
  Urug (Lair:3)
  2 deep trolls (Depths:1)
  A wretched star (Abyss:4)
  A swamp dragon (Swamp:4)
  An orc sorcerer (Orc:2)
  9 orb spiders (Spider:4)
  2 oklob plants (Lair:4)
  7 wolf spiders
  An ugly thing (Depths:1)
  A vault sentinel (Vaults:2)
  A yaktaur (Depths:2)
  A demonic crawler (Spider:2)
  An ice devil (Abyss:4)
  2 hornets
  8 jumping spiders (Spider:4)
  3 slime creatures (Swamp:1)
  A bog body (Swamp:4)
  4 redbacks
  A ynoxinul (Abyss:4)
  A spriggan (Depths:2)
  5 tarantellas
  A hell hound (Abyss:4)
  A swamp worm (Swamp:1)
  2 orc warriors (Orc:2)
  An ogre (Orc:2)
  A quasit (Abyss:4)
  2 orc priests (Orc:2)
  An ooze (shapeshifter) (Depths:1)
  An orc (Orc:2)
77 creatures vanquished.

Vanquished Creatures (others)
  A ghost moth (Spider:4)
  A spriggan berserker (Swamp:4)
  An orb spider (Spider:4)
  A jumping spider (Spider:4)
  2 hornets (Swamp:4)
  2 redbacks
  A tarantella (Spider:4)
  A boggart (Depths:1)
  An ogre (D:7)
  2 orcs
  18 fungi
  5 plants
  8 starspawn tentacles (Abyss:4)
44 creatures vanquished.

Grand Total: 1482 creatures vanquished

Notes
Turn   | Place    | Note
-------+----------+-------------------------------------------
     0 | D:1      | JackS81 the Gargoyle Berserker began the quest for the Orb.
     0 | D:1      | Reached XP level 1. HP: 14/14 MP: 1/1
    90 | D:1      | Reached XP level 2. HP: 17/19 MP: 2/2
   303 | D:1      | Reached XP level 3. HP: 23/23 MP: 3/3
   502 | D:1      | Reached ** piety under Trog
   994 | D:2      | Reached XP level 4. HP: 28/28 MP: 4/4
  1264 | D:2      | Found a stormy altar of Qazlal.
  1642 | D:3      | Found an iron altar of Okawaru.
  1731 | D:3      | Reached skill level 5 in Maces & Flails
  1983 | D:3      | Noticed Natasha
  1999 | D:3      | Killed Natasha
  2003 | D:3      | Reached XP level 5. HP: 26/32 MP: 5/5
  2354 | D:4      | Found a glowing silver altar of Zin.
  2494 | D:4      | Reached XP level 6. HP: 31/37 MP: 6/6
  2602 | D:4      | Found a sacrificial altar of Ru.
  3051 | D:5      | Entered Level 5 of the Dungeon
  3062 | D:5      | Noticed a phantom
  3078 | D:5      | Killed a phantom
  3150 | D:5      | Reached XP level 7. HP: 13/41 MP: 7/7
  3320 | D:5      | Noticed Menkaure
  3323 | D:5      | Killed Menkaure
  3464 | D:5      | Noticed Ijyb
  3488 | D:5      | Killed Ijyb
  3795 | D:5      | Noticed Eustachio
  3807 | D:5      | Killed Eustachio
  3807 | D:5      | Reached XP level 8. HP: 46/46 MP: 8/8
  3816 | D:5      | Noticed Edmund
  3844 | D:5      | Killed Edmund
  3895 | D:5      | Reached skill level 10 in Maces & Flails
  4297 | D:5      | Reached *** piety under Trog
  4355 | D:5      | Got a fine war axe
  4406 | D:5      | Identified the cursed +0 war axe of Royalism {flame, +Fly rElec rPois Stlth-} (You found it on level 5 of the Dungeon)
  5096 | D:7      | Reached XP level 9. HP: 49/51 MP: 9/9
  5176 | D:7      | Found a staircase to the Ecumenical Temple.
  5188 | D:7      | Noticed Pikel
  5196 | D:7      | Killed Pikel
  5288 | D:7      | Got a transparent turquoise ring
  5362 | D:7      | Found a shimmering altar of Xom.
  5804 | D:8      | Reached XP level 10. HP: 48/56 MP: 10/10
  5833 | D:8      | Gained mutation: You are agile. (Dex +2) [potion of mutation]
  5833 | D:8      | Gained mutation: Your magical capacity is low. (-10% MP) [potion of mutation]
  5833 | D:8      | Gained mutation: You are occasionally teleported next to monsters. [potion of mutation]
  5833 | D:8      | Gained mutation: You are robust. (+10% HP) [potion of mutation]
  5863 | D:8      | Reached **** piety under Trog
  6117 | D:8      | Found a deep blue altar of Sif Muna.
  6119 | D:8      | Found a basalt altar of Yredelemnul.
  6119 | D:8      | Found a hazy altar of Hepliaklqana.
  6219 | D:8      | Noticed a two-headed ogre
  6229 | D:8      | Killed a two-headed ogre
  6359 | D:8      | Identified the ring of Peace {*Contam Str+3 Stlth+} (You found it on level 7 of the Dungeon)
  6409 | D:8      | Reached skill level 3 in Armour
  6641 | D:8      | Found an ornate altar of the Wu Jian Council.
  6642 | D:8      | Found a snail-covered altar of Cheibriados.
  7077 | D:9      | Reached skill level 4 in Armour
  7174 | D:9      | Reached ***** piety under Trog
  7211 | D:9      | Found Yfizususs's Weapon Shoppe.
  7211 | D:9      | Found a staircase to the Orcish Mines.
  7234 | D:9      | Noticed Grum
  7280 | D:9      | Killed Grum
  7280 | D:9      | Reached skill level 5 in Armour
  7341 | D:9      | Reached skill level 5 in Fighting
  7341 | D:9      | Reached XP level 11. HP: 50/69 MP: 9/9
  7365 | D:9      | Reached skill level 6 in Armour
  7589 | D:9      | Received a gift from Trog
  7982 | D:10     | Entered Level 10 of the Dungeon
  8070 | D:10     | Noticed a tengu warrior
  8071 | D:10     | Noticed a manticore
  8090 | D:10     | Killed a tengu warrior
  8090 | D:10     | Reached skill level 7 in Armour
  8095 | D:10     | Killed a manticore
  8339 | D:10     | Reached skill level 8 in Armour
  8473 | D:10     | Noticed a purple ugly thing
  8487 | D:10     | Killed a purple ugly thing
  8787 | D:10     | Noticed a two-headed ogre
  8797 | D:10     | Killed a two-headed ogre
  8844 | D:10     | Found a staircase to the Lair.
  8963 | D:10     | Noticed a centaur warrior
  8974 | D:10     | Killed a centaur warrior
  8974 | D:10     | Reached skill level 9 in Armour
  9005 | D:10     | Found the ring of Phasing {EV+8}
  9037 | D:10     | Got a scorched flail
  9163 | D:10     | Identified the +11 flail of Desperation {flame, rElec Dex+2} (You found it on level 10 of the Dungeon)
  9194 | Lair:1   | Entered Level 1 of the Lair of Beasts
  9210 | Lair:1   | Found a labyrinth entrance.
  9225 | Lab      | Entered a labyrinth
  9699 | Lab      | Noticed a minotaur
  9711 | Lab      | Killed a minotaur
  9711 | Lab      | Reached XP level 12. HP: 83/83 MP: 10/10
  9968 | Lair:1   | Found the +8 storm bow {elec}
 10164 | Lair:1   | Reached skill level 10 in Fighting
 10407 | Lair:2   | Found a deep blue altar of Sif Muna.
 10679 | Lair:2   | Noticed Fannar
 10688 | Lair:2   | Killed Fannar
 10688 | Lair:2   | Reached skill level 10 in Armour
 11126 | Lair:3   | Noticed Urug
 11131 | Lair:3   | Killed Urug
 11187 | Lair:3   | Found a hole to the Spider Nest.
 11236 | Lair:3   | Found a staircase to the Swamp.
 12144 | Lair:3   | Found a blossoming altar of Fedhas.
 12265 | Lair:4   | Reached skill level 11 in Armour
 12267 | Lair:4   | Reached XP level 13. HP: 95/95 MP: 11/11
 13417 | Lair:5   | Got a pair of fine gloves
 13427 | Lair:5   | Identified the +0 pair of gloves "Tegudoih" {rN+} (You found it on level 5 of the Lair of Beasts)
 14127 | Lair:6   | Entered Level 6 of the Lair of Beasts
 14236 | Lair:6   | Reached skill level 12 in Armour
 14238 | Lair:6   | Reached skill level 15 in Fighting
 14351 | Lair:6   | Received a gift from Trog
 14404 | Lair:6   | Got a bloodstained dire flail {god gift}
 14405 | Lair:6   | Identified the +1 dire flail of Riesk {venom, rPois rF+ MR+ Dex+3} (Trog gifted it to you on level 6 of the Lair of Beasts)
 14676 | Lair:6   | Reached skill level 1 in Bows
 14677 | Lair:6   | Found a staircase to the Slime Pits.
 14724 | Lair:6   | Gained mutation: Your large and strong wings let you fly indefinitely. [Gargoyle growth]
 14724 | Lair:6   | Reached XP level 14. HP: 107/107 MP: 12/12
 14843 | Lair:6   | Reached skill level 15 in Maces & Flails
 14962 | Lair:6   | Received a gift from Trog
 15256 | Lair:6   | Got a steaming ring mail
 15267 | Lair:6   | Identified the cursed +0 ring mail of the Stars {MR+ Int+7} (You found it on level 6 of the Lair of Beasts)
 15407 | Lair:6   | Reached ****** piety under Trog
 15934 | Lair:6   | Upgraded the game from 0.21-a0-349-g0c35859 to 0.21-a0-350-g2362ee1
 16084 | Orc:1    | Entered Level 1 of the Orcish Mines
 16099 | Orc:1    | Received a gift from Trog
 16534 | Orc:2    | Entered Level 2 of the Orcish Mines
 16574 | Orc:2    | Noticed an orc warlord
 16584 | Orc:2    | Killed an orc warlord
 16586 | Orc:2    | Found Momus's General Store.
 16859 | Orc:2    | Found Syiryloang's Jewellery Shop.
 17114 | Orc:2    | Found Ecoxkolann's Antique Armour Shop.
 17278 | Orc:2    | Found Aruz's Antique Weapon Shoppe.
 17321 | Orc:2    | Found a staircase to the Elven Halls.
 17369 | Orc:2    | Found a roughly hewn altar of Beogh.
 17445 | Orc:2    | Bought gold dragon scales for 1760 gold pieces
 17606 | Swamp:1  | Entered Level 1 of the Swamp
 17657 | Swamp:1  | Reached XP level 15. HP: 112/116 MP: 13/13
 17795 | Swamp:1  | Reached skill level 5 in Bows
 17858 | Swamp:1  | Received a gift from Trog
 18010 | Swamp:1  | Noticed a thorn hunter
 18024 | Swamp:1  | Killed a thorn hunter
 18024 | Swamp:1  | Reached skill level 13 in Armour
 18620 | Swamp:2  | Noticed Aizul
 18641 | Swamp:2  | Killed Aizul
 18743 | Swamp:2  | Found a glowing silver altar of Zin.
 19079 | Swamp:2  | Reached skill level 14 in Armour
 19225 | Swamp:3  | Noticed Jorgrun
 19240 | Swamp:3  | Killed Jorgrun
 19265 | Swamp:3  | Noticed a thorn hunter
 19287 | Swamp:3  | Killed a thorn hunter
 19425 | Swamp:3  | Noticed Donald
 19445 | Swamp:3  | Killed Donald
 20014 | Swamp:4  | Entered Level 4 of the Swamp
 20138 | Swamp:4  | Reached skill level 15 in Armour
 20175 | Swamp:4  | Received a gift from Trog
 20364 | Swamp:4  | Reached skill level 5 in Dodging
 20385 | Swamp:4  | Reached XP level 16. HP: 116/123 MP: 14/14
 20427 | Swamp:4  | Received a gift from Trog
 20500 | Swamp:4  | Noticed Bai Suzhen
 20526 | Swamp:4  | Killed Bai Suzhen
 20526 | Swamp:4  | Reached skill level 16 in Armour
 20607 | Swamp:4  | Noticed a thorn hunter
 20624 | Swamp:4  | Killed a thorn hunter
 20697 | Swamp:4  | Got a decaying rune of Zot
 21111 | Swamp:4  | Reached skill level 17 in Armour
 21446 | D:11     | Noticed Harold
 21465 | D:11     | Killed Harold
 21503 | D:11     | Received a gift from Trog
 21832 | D:12     | Noticed Leas's ghost (journeyman SpEn)
 21863 | D:12     | Killed Leas's ghost
 21900 | D:12     | Found Ogreru's Blasphemy Boutique.
 21900 | D:12     | Found a basalt altar of Yredelemnul.
 21974 | D:12     | Reached skill level 1 in Shields
 22188 | D:12     | Reached skill level 1 in Evocations
 22598 | D:12     | Received a gift from Trog
 22944 | D:13     | Noticed Josephine
 22957 | D:13     | Killed Josephine
 23585 | D:13     | Reached skill level 18 in Armour
 23749 | D:13     | Found a gate to the Vaults.
 23760 | D:13     | Reached XP level 17. HP: 125/128 MP: 16/16
 23771 | D:13     | Received a gift from Trog
 23931 | D:13     | You are sucked into a shaft!
 24233 | D:14     | Received a gift from Trog
 24650 | D:15     | Entered Level 15 of the Dungeon
 24775 | D:15     | Noticed Rupert
 24776 | D:15     | Paralysed by Rupert for 6 turns
 24809 | D:15     | Killed Rupert
 25036 | D:15     | Reached skill level 19 in Armour
 25212 | D:15     | Found a staircase to the Depths.
 25719 | Spider:1 | Entered Level 1 of the Spider Nest
 26141 | Spider:1 | Noticed Louise
 26195 | Spider:1 | Killed Louise
 26432 | Spider:1 | Received a gift from Trog
 26463 | Spider:1 | Noticed Frances
 26468 | Spider:1 | Killed Frances
 27448 | Spider:2 | Noticed Arachne
 27455 | Spider:2 | Killed Arachne
 27583 | Spider:2 | Reached XP level 18. HP: 95/136 MP: 18/18
 27637 | Spider:2 | Upgraded the game from 0.21-a0-350-g2362ee1 to 0.21-a0-352-g5b8f553
 28284 | Spider:3 | Noticed Agnes
 28303 | Spider:3 | Killed Agnes
 28313 | Spider:3 | Reached skill level 20 in Armour
 28469 | Spider:3 | Received a gift from Trog
 29064 | Spider:4 | Entered Level 4 of the Spider Nest
 29080 | Spider:4 | Noticed Mara
 29146 | Spider:4 | Noticed Asterion
 29158 | Spider:4 | Killed Asterion
 29164 | Spider:4 | Received a gift from Trog
 29166 | Spider:4 | Reached skill level 5 in Evocations
 29497 | Spider:4 | Received a gift from Trog
 29857 | Spider:4 | Got a gossamer rune of Zot
 30106 | Spider:4 | Noticed JackS81's illusion
 30163 | Spider:4 | Killed Mara
 30531 | Spider:4 | Reached XP level 19. HP: 136/143 MP: 0/21
 31094 | Vaults:1 | Entered Level 1 of the Vaults
 31096 | Vaults:1 | Upgraded the game from 0.21-a0-352-g5b8f553 to 0.21-a0-356-g45b0a09
 33475 | Vaults:2 | Reached XP level 20. HP: 152/152 MP: 23/23
 33644 | Vaults:2 | Identified a scroll of acquirement
 34064 | Vaults:2 | Paralysed by a sphinx for 6 turns
 34076 | Vaults:2 | Received a gift from Trog
 34123 | Vaults:2 | Found a staircase to the Crypt.
 34135 | Vaults:2 | Reached skill level 21 in Armour
 34376 | Vaults:3 | Paralysed by a great orb of eyes for 5 turns
 34467 | Vaults:3 | Received a gift from Trog
 35434 | Vaults:3 | Upgraded the game from 0.21-a0-356-g45b0a09 to 0.21-a0-360-g65c131b
 36701 | Vaults:4 | Received a gift from Trog
 37273 | Depths:1 | Entered Level 1 of the Depths
 37648 | Depths:1 | Reached skill level 10 in Dodging
 37651 | Depths:1 | Reached XP level 21. HP: 160/160 MP: 24/24
 38260 | Depths:1 | Identified the scarf of Fiseorocoq {rF+} (You acquired it on level 1 of the Depths)
 38293 | Depths:1 | Received a gift from Trog
 38384 | Depths:1 | Upgraded the game from 0.21-a0-360-g65c131b to 0.21-a0-364-gbd1fde4
 38478 | Depths:1 | Found a gateway to Hell.
 38640 | Depths:1 | Found a one-way gate leading to the halls of Pandemonium.
 38658 | Depths:1 | Cast into level 4 of the Abyss (a lich)
 38769 | Abyss:4  | Noticed an ancient lich
 38801 | Abyss:4  | Killed an ancient lich
 38957 | Depths:1 | Escaped the Abyss
 39197 | Depths:2 | Noticed the Enchantress
 39229 | Depths:2 | Killed the Enchantress
 39281 | Depths:2 | Got faerie dragon scales
 39704 | Depths:2 | Identified the +3 faerie dragon scales {rF++ rCorr Dex+3} (You took it off the Enchantress on level 2 of the Depths)
 39761 | Depths:2 | Noticed a caustic shrike
 39763 | Depths:2 | Paralysed by a floating eye for 3 turns
 39817 | Depths:2 | Killed a caustic shrike
 39869 | Depths:2 | Killed from afar by a deep troll earth mage

Vault maps used:
D:1:      elethiomel_arrival_quiet
D:2:      grunt_qazlal_clouds
D:3:      okawaru_metal_pillars_3, first_bread, uniq_natasha
D:4:      kennysheep_mini, overflow_temple_1_default
D:5:      uniq_edmund, uniq_menkaure, uniq_eustachio, uniq_ijyb
D:7:      overflow_temple_1_default, minmay_temple_entry_glassed_door,
          grunt_ogre_cave, hangedman_decor_opposing, hex_large,
          hangedman_decor_slide_cut, grunt_ministairs_4, serial_park_tiny_2,
          uniq_pikel
D:8:      gammafunk_temple_overflow_statue, grunt_temple_overflow_open,
          serial_ice, serial_ice_m, serial_ice_e, serial_ice_g, serial_ice_c,
          serial_ice_k, serial_ice_o, serial_ice_f, minmay_misc_feat_room
D:9:      orc_david_3, uniq_grum
D:10:     minmay_the_grid_plus
D:11:     uniq_harold
D:12:     nicolae_evil_shop
D:13:     grunt_vaults_entry_fortified, uniq_josephine
D:14:     serial_park_square2
D:15:     grunt_enter_depths_snipers, nicolae_lava_and_water, uniq_rupert
Lair:1:   lab_entry_generic
Lair:2:   basic_altar, serial_bayou_pond_d, serial_bayou_shore_a,
          infiniplex_staircase_pool, uniq_fannar
Lair:3:   minmay_swamp_entry_eels, dummy_spider_entry, tgw_fedhas, uniq_urug
Lair:4:   wad_woods_river_02, lemuel_fruit_tree, minmay_lair_oklob_chamber
Lair:5:   hangedman_lair_unloving_vines, grunt_megastairs_5
Lair:6:   evilmike_catoblepas_cave, minmay_slime_entry_pillars, special_room
Swamp:1:  nicolae_swamp_trees_clearing, infiniplex_staircase_pool_2
Swamp:2:  basic_altar, uniq_aizul, uniq_donald
Swamp:3:  serial_swamp_ruin, evilmike_swamp_ruin_rubble_2,
          evilmike_swamp_ruin_house_3, uniq_jorgrun
Swamp:4:  swamp_basic_johnstein, uniq_bai_suzhen
Spider:1: uniq_louise, uniq_frances
Spider:2: uniq_arachne
Spider:3: uniq_agnes
Spider:4: johnstein_spider_rune_arachne_lair, uniq_asterion, uniq_mara
Orc:1:    nicolae_orc_crystal_geode
Orc:2:    grunt_orc_gardens, grunt_orc_garden, grunt_orc_garden,
          grunt_orc_garden, grunt_orc_garden, basic_altar
Vaults:1: nicolae_vaults_network_periphery, vaults_room_grid, v_misc_16,
          v_alt_pattern_4, ontoclasm_vaults_tryst, grunt_vaults_diagonal,
          ontoclasm_vaults_ring_large, vaults_room_stairs_pillars,
          nicolae_vaults_little_squares_6, v_misc_9,
          nicolae_vaults_network_square, v_misc_31, v_pattern_2
Vaults:2: vaults_dpeg_ring, v_misc_4, minmay_crypt_entry_simple_statues,
          vaults_room_door_ring, vaults_dpeg_cross,
          nicolae_vaults_mini_display_case, v_misc_23, v_misc_30,
          vaults_mumra_hex, nicolae_vaults_little_squares_5
Vaults:3: v_rooms_6, hangedman_vaults_trim, v_rooms_1, hangedman_vaults_hat,
          nicolae_vaults_network_barrier, nicolae_vaults_alarming,
          vaults_dpeg_encased_lava, nicolae_vaults_circle_grid_a,
          ontoclasm_vaults_loading_screen, ontoclasm_vaults_ring_small,
          ontoclasm_vaults_bender
Vaults:4: ontoclasm_vaults_ring_square, nicolae_vaults_asterisk,
          hangedman_vaults_corner, grunt_vaults_focal, vaults_room_door_hall,
          v_misc_19, vaults_mumra_minichess, nicolae_vaults_little_squares_1,
          v_misc_15, nicolae_vaults_little_squares_2, vaults_room_fours
Depths:1: hell_entry, kennysheep_decorative_pillar, pan_entry,
          hangedman_stitches_earthworm, grunt_megastairs_3
Depths:2: minmay_concentric_multi, hell_entry, hangedman_abyss_or_decor_passed,
          minmay_shop_grove, uniq_enchantress
Abyss:4:  minivault_27, hangedman_grunt_abyss_rune_horror_hoard, minivault_25,
          hangedman_abyss_overflow_altar
Lab:      labyrinth_watery, nicolae_lab_x

Skill      XL: |  1  2  3  4  5  6  7  8  9 10 11 12 13 14 15 16 17 18 19 20 21 |
---------------+----------------------------------------------------------------+-----
Maces & Flails | 4 5 6 8 9 11 13 14 15 16 17 18 | 18.5
Armour         | 5 9 11 12 15 18 19 20 21 | 21.7
Fighting       | 5 9 12 15 16 17 18 19 20 | 20.7
Bows           | 1 4 5 |  5.0
Dodging        | 2 5 6 8 9 10 | 10.6
Shields        | 2 3 |  3.8
Evocations     | 1 3 6 7 8 9 |  9.7

Action                   |  1- 3 |  4- 6 |  7- 9 | 10-12 | 13-15 | 16-18 | 19-21 || total
-------------------------+-------+-------+-------+-------+-------+-------+-------++-------
Melee: Mace              |   127 |   145 |    75 |       |       |       |       ||   347
       Flail             |       |       |   238 |   559 |  1019 |  1649 |  1746 ||  5211
       Dire flail        |       |       |       |   158 |    49 |       |     6 ||   213
Invok: Berserk           |       |       |     4 |    10 |     9 |     7 |    12 ||    42
       Trog's Hand       |       |       |     3 |     5 |     8 |    15 |    30 ||    61
       Burn Spellbooks   |       |       |       |     1 |    10 |     2 |     1 ||    14
       Brothers in Arms  |       |       |       |     1 |     4 |    12 |     4 ||    21
Evoke: Wand              |       |       |       |     1 |     1 |     5 |       ||     7
       Lightning rod     |       |       |       |       |       |     5 |       ||     5
       Phantom mirror    |       |       |       |       |       |     1 |       ||     1
  Use: Scroll            |       |     7 |     1 |    15 |     7 |    17 |    14 ||    61
       Potion            |       |       |     2 |     8 |     5 |     4 |     8 ||    27
 Stab: Distracted        |       |       |     1 |       |       |     2 |     1 ||     4
       Invisible         |       |       |       |       |     4 |       |       ||     4
       Petrified         |       |       |       |       |     1 |       |       ||     1
  Eat: Chunk             |       |     8 |    11 |    30 |    47 |    39 |    57 ||   192
       Fruit             |       |       |       |     2 |       |       |       ||     2
       Meat ration       |       |       |       |     1 |       |       |       ||     1
       Royal jelly       |       |       |       |       |       |     2 |       ||     2
       Bread ration      |       |       |       |       |       |       |     1 ||     1
Armor: Ring mail         |    79 |    71 |       |   203 |   141 |       |       ||   494
       Scale mail        |       |     6 |   150 |    93 |       |       |       ||   249
       Gold dragon scale |       |       |       |       |   166 |  1246 |  1160 ||  2572
Dodge: Dodged            |    84 |    78 |   138 |   442 |   808 |  1629 |  1654 ||  4833
       Deflected         |       |       |     4 |    26 |    15 |    50 |    58 ||   153

Table legend:
 A = Spawn XP
 B = Non-spawn XP
 C = Spawn XP percentage of total XP
 D = Spawn monster count
 E = Non-spawn monster count
 F = Spawn count percentage of total count
 G = Total turns spent on level
                    A         B        C        D         E        F      G
               +---------+---------+-------+---------+---------+-------+---------
         Total |   13064 |  566953 |   2.3 |      16 |    1426 |   1.1 | 39869
               +---------+---------+-------+---------+---------+-------+---------
           D:1 |       0 |      55 |   0.0 |       0 |      28 |   0.0 |   534
           D:2 |       0 |      27 |   0.0 |       0 |      10 |   0.0 |   929
           D:3 |       0 |      85 |   0.0 |       0 |      14 |   0.0 |   886
           D:4 |       0 |     200 |   0.0 |       0 |      12 |   0.0 |   702
           D:5 |       0 |    1510 |   0.0 |       0 |      19 |   0.0 |  1420
           D:6 |       0 |     405 |   0.0 |       0 |      20 |   0.0 |   601
           D:7 |       0 |    1820 |   0.0 |       0 |      24 |   0.0 |   689
           D:8 |       0 |    3744 |   0.0 |       0 |      51 |   0.0 |  1196
           D:9 |       0 |    2684 |   0.0 |       0 |      38 |   0.0 |  1083
          D:10 |       0 |    6879 |   0.0 |       0 |      36 |   0.0 |  1444
          D:11 |       0 |    5388 |   0.0 |       0 |      32 |   0.0 |   546
          D:12 |       0 |    5072 |   0.0 |       0 |      19 |   0.0 |   891
          D:13 |       0 |   17764 |   0.0 |       0 |      48 |   0.0 |  1317
          D:14 |       0 |    6570 |   0.0 |       0 |      30 |   0.0 |   755
          D:15 |       0 |   25571 |   0.0 |       0 |      53 |   0.0 |   932
        Lair:1 |       0 |    1835 |   0.0 |       0 |      10 |   0.0 |   682
        Lair:2 |       0 |    3417 |   0.0 |       0 |      15 |   0.0 |   938
        Lair:3 |       0 |    6151 |   0.0 |       0 |      31 |   0.0 |  1268
        Lair:4 |       0 |    6010 |   0.0 |       0 |      25 |   0.0 |   801
        Lair:5 |       0 |    6201 |   0.0 |       0 |      29 |   0.0 |  1003
        Lair:6 |       0 |   29057 |   0.0 |       0 |     102 |   0.0 |  1826
       Swamp:1 |       0 |   16184 |   0.0 |       0 |      31 |   0.0 |   988
       Swamp:2 |       0 |    7230 |   0.0 |       0 |      21 |   0.0 |   675
       Swamp:3 |       0 |   10534 |   0.0 |       0 |      13 |   0.0 |   806
       Swamp:4 |       0 |   34361 |   0.0 |       0 |      51 |   0.0 |  1156
      Spider:1 |       0 |   18248 |   0.0 |       0 |      46 |   0.0 |  1352
      Spider:2 |       0 |   14429 |   0.0 |       0 |      36 |   0.0 |  1292
      Spider:3 |       0 |   22825 |   0.0 |       0 |      55 |   0.0 |   774
      Spider:4 |       0 |   56770 |   0.0 |       0 |     106 |   0.0 |  1742
         Orc:1 |       0 |    2133 |   0.0 |       0 |      23 |   0.0 |   458
         Orc:2 |       0 |   12198 |   0.0 |       0 |      48 |   0.0 |   956
      Vaults:1 |       0 |   39316 |   0.0 |       0 |      69 |   0.0 |  1809
      Vaults:2 |       0 |   51362 |   0.0 |       0 |      63 |   0.0 |  1450
      Vaults:3 |       0 |   43682 |   0.0 |       0 |      74 |   0.0 |  1513
      Vaults:4 |       0 |   15079 |   0.0 |       0 |      29 |   0.0 |  1322
      Depths:1 |       0 |   50254 |   0.0 |       0 |      69 |   0.0 |  2007
      Depths:2 |       0 |   34302 |   0.0 |       0 |      35 |   0.0 |   290
       Abyss:4 |   13064 |    6005 |  68.5 |      16 |       8 |  66.7 |   299
           Lab |       0 |    1596 |   0.0 |       0 |       3 |   0.0 |   537
               +---------+---------+-------+---------+---------+-------+---------
